Unix xNetHack Version 7.1.0 - last build Dec 11 2022 15:18:36 (91bc4d2507b4b34ac92889b06d50a936f6bde808). Game began 2022-12-31 22:02:04, ended 2022-12-31 22:12:51. UristMcRaven, chaotic female elven Wizard ------ -------- ----- #+..<.| |>.....| |...| ##|....| |......-## #....| # |....| |......| # #####|....# ###.....| ---.-.-- # ######+...|# ####----|- # # # #### ---.-# ### # ### # -----------# ## # # ##### # ###|.......>..# # ##### # ### #.....@.%..| # ## # # # # |.........| # # ## -------.---- # # ----------- ####### ### # ...........| ### # # --.------ ## |..........| -.---.- |........####*#%####...........| |.....| |.......|## |..........| |.....| |.......-# |..........| |.....| ........|# ------------ ---.--- ---------# # UristMcRaven the Conjurer St:13 Dx:12 Co:12 In:19 Wi:10 Ch:10 Chaotic Dlvl:4 $:55 HP:0(28) Pw:38(39) AC:9 Xp:4/120 T:1419 Burdened Blind Deaf Latest messages: Never mind. The door resists! The door opens. In what direction? The spell hits the newt! You kill the newt! The spell misses the kitten. The kitten bites! In what direction? The spell hits the kitten! You kill the kitten! The spell hits the bat! You kill the bat! In what direction? The spell hits the dwarf zombie. The spell hits the dwarf zombie! You destroy the dwarf zombie! In what direction? The spell misses the dwarf zombie. The dwarf zombie scratches you! In what direction? The spell hits the dwarf zombie! You destroy the dwarf zombie! You have a little trouble lifting $ - 4 gold pieces {0}. You fall down the stairs. You climb up the stairs. You have a little trouble lifting $ - 9 gold pieces {0}. In what direction? The spell hits the lichen! You kill the lichen! You are momentarily blinded by a flash of light! You hear a deafening roar! Wait! There's something there you can't see! It impales you! It jabs you! You recoil from the touch of iron! It punches you! You bash it. It claws you! It claws you! It bites! It stabs you! It stabs you! You recoil from the touch of iron! You die... Do you want your possessions identified? [ynq] (y) Do you want to see your attributes? [ynq] (y) Do you want an account of creatures vanquished? [ynaq] (y) Do you want to see your conduct and achievements? [ynq] (y) Do you want to see the dungeon overview? [ynq] (y) Major events: Turn 1: UristMcRaven the chaotic female elven Wizard entered the dungeon 885: attained the rank of Conjurer (level 3) 1350: entered the Gnomish Mines 1419: killed by a hill orc Inventory: Inventory: 701/675 weight (33/52 slots) Coins ('$') $ - 55 gold pieces {1} Weapons (')') a - a blessed +1 quarterstaff (alternate weapon; not wielded) {40} m - 5 uncursed +0 darts {5} p - an uncursed +0 wooden orcish dagger {3} y - an uncursed +0 orcish dagger {10} Armor ('[') b - an uncursed +0 cloak of magic resistance (being worn) {8} B - a cursed +0 orcish helm {30} F - an uncursed +0 leather studded armor {200} Comestibles ('%') k - an uncursed tin of french fried jackal meat {10} z - 2 uncursed food rations {40} Scrolls ('?') j - a cursed scroll of confuse monster {5} o - 2 uncursed scrolls of water {10} G - 2 uncursed scrolls of identify {10} H - an uncursed scroll of confuse monster {5} Spellbooks ('+') c - a blessed spellbook of force bolt (wielded) {35} d - a blessed spellbook of magic missile {40} e - an uncursed spellbook of knock {35} f - an uncursed spellbook of detect monsters {45} s - an uncursed spellbook of sleep {45} Wands ('/') t - an uncursed wand of light (0:13) {7} D - an uncursed wand of speed monster (0:5) {7} Rings ('=') q - an uncursed ring of stealth {3} Potions ('!') l - an uncursed potion of enlightenment {20} u - a potion of holy water {20} K - an uncursed potion of restore ability {20} L - an uncursed potion of speed {20} Tools ('(') g - an uncursed blindfold {2} h - an uncursed flute {5} C - an uncursed bag of tricks (0:20) {15} Gems/Stones ('*') i - an uncursed fluorite stone {1} n - a cursed obsidian stone {1} r - an uncursed worthless piece of orange glass {1} A - an uncursed amethyst stone {1} J - an uncursed worthless piece of black glass {1} UristMcRaven the Wizard's attributes: Background: You were a Conjurer, a level 4 female elven Wizard. You were chaotic, nominally on a mission for Anhur who was opposed by Ptah (lawful) and Thoth (neutral). You were heterosexual. You were in the Dungeons of Doom, on level 4. You entered the dungeon 1419 turns ago. It was nighttime. You had 120 experience points, 40 more were needed to attain level 5. Basics: You had 0 out of 28 hit points. You had 38 out of 39 energy points (spell power). Your armor class was 9. Your wallet contained 55 zorkmids. Autopickup was on for '$"=/!?+' plus thrown, with exceptions. Final Characteristics: Your strength was 13 (limit:18). Your dexterity was 12 (limit:18). Your constitution was 12 (limit:16). Your intelligence was 19 (limit:20). Your wisdom was 10 (limit:20). Your charisma was 10 (limit:18). Final Status: You were temporarily blind. You were deaf. You were not hungry. You were burdened; movement was slightly slowed. You were wielding a spellbook. Final Attributes: You were devoutly aligned. You were magic-protected. You were sleep resistant. You had infravision. You were warded. You were harmed by iron. You are dead. Miscellaneous: You disabled loading of bones levels. Total elapsed playing time was 10 minutes and 45 seconds. Vanquished creatures: 2 floating eyes a kitten a giant bat 2 dwarf zombies a hobbit a yellow mold a gnome a gnome zombie 3 jackals a kobold 4 goblins 2 sewer rats 5 grid bugs a bat 2 lichens a kobold zombie 5 newts 34 creatures vanquished. No species were genocided or became extinct. Voluntary challenges: You were an atheist. You never hit with a wielded weapon. You read items or engraved 1 time. You never genocided any monsters. You never polymorphed an object. You never changed form. You never touched an artifact. You used no wishes. You never owned a pet. You never scared an enemy with impunity. You were celibate. You never generated conflict. Achievements: You entered a shop. You attained the rank of Conjurer. You entered the Gnomish Mines. The Dungeons of Doom: levels 1 to 5 Level 1: "vault tp" A fountain. Level 2: A general store, a tree. Level 3: Level 4: <- You were here. Stairs down to The Gnomish Mines. Final resting place for you, killed by a hill orc. Level 5: The Gnomish Mines: Level 5: Game over: __________ / \ / REST \ / IN \ / PEACE \ / \ | UristMcRaven | | 55 Au | | killed by a hill | | orc | | | | | | 2022 | *| * * * | * _________)/\\_//(\/(/\)/\//\/|_)_______ Goodbye UristMcRaven the Wizard... You died in The Dungeons of Doom on dungeon level 4 with 740 points, and 55 pieces of gold, after 1419 moves. You were level 4 with a maximum of 28 hit points when you died.